 Dungeon Crawl Stone Soup version 0.32-a0-886-g41c5271027 (webtiles) character file.

Game seed: 9974664322513251064

1164 Autsider the Magician (level 8, -2/67 HPs)
             Began as an Oni Hedge Wizard on Apr 2, 2024.
             Slain by an ice beast (12 damage)
             ... on level 6 of the Dungeon.
             The game lasted 00:17:11 (6058 turns).

Autsider the Magician (Oni Hedge Wizard)            Turns: 6058, Time: 00:17:11

Health: -2/67      AC:  1    Str: 15    XL:     8   Next: 40%
Magic:  2/17       EV:  8    Int: 17    God:
Gold:   192        SH:  0    Dex:  8    Spells: 9/19 levels left

rFire   . . .        w - +0 giant spiked club
rCold   . . .        (shield currently unavailable)
rNeg    . . .        (body armour restricted)
rPois   .            c - +0 hat
rElec   .            (no cloak)
rCorr   .            (gloves unavailable)
SInv    .            (boots unavailable)
Will    .....        (no amulet)
Stlth   +            (no ring)
HPRegen 0.31/turn    (no ring)
MPRegen 0.15/turn

%: no passive effects
@: no status effects
A: large, unfitting armour, horns 1, tough skin 1, double potion healing,
drunken brawling
a: no special abilities


You were on level 6 of the Dungeon.
You visited 2 branches of the dungeon, and saw 7 of its levels.

You collected 192 gold pieces.

Inventory:

Hand Weapons
 q - a +0 club
 w - a +0 giant spiked club (weapon)
Armour
 c - a +0 hat (worn)
Scrolls
 b - 3 scrolls of blinking {unknown}
 e - a scroll of poison {unknown}
 g - a scroll of fog {unknown}
 h - 6 scrolls of identify {unknown}
 i - 4 scrolls of immolation
 l - a scroll of enchant weapon {unknown}
 m - 2 scrolls of enchant armour {unknown}
 o - 5 scrolls of amnesia {unknown}
 s - 3 scrolls of revelation {unknown}
 t - a scroll of fear {unknown}
 v - 2 scrolls of teleportation {unknown}
Potions
 a - 2 potions of cancellation {unknown}
 d - 4 potions of magic
 f - 2 potions of enlightenment {unknown}
 j - 2 potions of brilliance {unknown}
 k - 2 potions of curing {unknown}
 n - a potion of berserk rage {unknown}
 p - a potion of haste {unknown}
 r - a potion of attraction {unknown}
 u - a potion of ambrosia {unknown}


   Skills:
 - Level 1.7 Dodging
 - Level 1.4 Stealth
 - Level 6.0 Spellcasting
 - Level 4.0 Conjurations
 - Level 4.0 Summonings
 - Level 3.0 Translocations
 + Level 3.0 Air Magic
 + Level 3.0 Alchemy


You had 9 spell levels left.
You knew the following spells:

 Your Spells              Type           Power      Damage    Failure   Level
a - Magic Dart            Conj           72%        1d6       2%          1
b - Searing Ray           Conj           36%        2d5       3%          2
w - Mephitic Cloud        Conj/Alch/Air  16%        N/A       10%         3
z - Blink                 Tloc           30%        N/A       5%          2
A - Call Imp              Summ           36%        N/A       3%          2

Your spell library contained the following spells:

 Spells                   Type           Power      Damage    Failure   Level
 Static Discharge         Conj/Air       34%        3-5/arc   4%          2
 Lesser Beckoning         Tloc           30%        N/A       5%          2
 Cigotuvi's Dreadful Rot  Necr/Alch/Air  22%        N/A       9%          2
 Maxwell's Portable Pile  Tloc           15%        2d(6-18)  11%         3
 Teleport Other           Tloc           15%        N/A       11%         3
 Slow                     Hex            20%        N/A       13%         1
 Dazzling Flash           Conj/Hex       22%        N/A       17%         3
 Fulminant Prism          Conj/Alch      8%         3d6       30%         4
 Summon Lightning Spire   Summ/Air       17%        N/A       30%         4
 Airstrike                Air            7%         2d(2-18)  36%         4
 Starburst                Conj/Fire      5%         6d4       100%        6
 Maxwell's Capacitive Co  Air            7%         ∞         100%        8


Dungeon Overview and Level Annotations

Branches:
Dungeon (6/15)             Temple (1/1) D:4

Altars:
Dithmenos
Fedhas
Gozag
Hepliaklqana
Kikubaaqudgha
Makhleb
Nemelex Xobeh
Okawaru
Qazlal
Ru
Sif Muna
Trog
Uskayaw
Wu Jian
Yredelemnul
Zin
The Shining One


Innate Abilities, Weirdness & Mutations

You are too large for most types of armour.
You have a pair of small horns on your head.
You have tough skin. (AC +1)
You gain doubled healing and magic from potions.
Whenever you drink a healing potion, you attack all around you.


Message History

The ice beast hits you but does no damage.
The searing ray hits the ice beast.
The ice beast is heavily wounded.
The ice beast barely misses you.
The searing ray hits the ice beast.
The ice beast is severely wounded.
The ice beast hits you. The ice beast freezes you!
The searing ray hits the ice beast but does no damage.
The ice beast is severely wounded.
You finish channelling your searing ray.
The ice beast hits you. The ice beast freezes you! The ice beast hits you.
* * * LOW HITPOINT WARNING * * *
The ice beast freezes you!
* * * LOW HITPOINT WARNING * * *
Casting: Searing Ray (safe; 3% risk of failure)
Confirm with . or Enter, or press ? or * to list all spells.
Aiming: Searing Ray (safe; 3% risk of failure)
Press: ? - help, Shift-Dir - straight line, f/p - ice beast
Aim: an ice beast (severely wounded, 78% to hit)
The searing ray hits the ice beast but does no damage.
The ice beast is severely wounded. (Press . to maintain the ray.)
The ice beast completely misses you.
The searing ray hits the ice beast.
The ice beast is severely wounded.
The ice beast hits you.
* * * LOW HITPOINT WARNING * * *
The ice beast freezes you!
* * * LOW HITPOINT WARNING * * *
The searing ray hits the ice beast.
The ice beast is almost dead.
The ice beast barely misses you.
The searing ray hits the ice beast but does no damage.
The ice beast is almost dead.
You finish channelling your searing ray.
The ice beast hits you.
* * * LOW HITPOINT WARNING * * *
The ice beast freezes you!
You die...

### #.# #.#
#.##############
#..............#
#.############.#
#)# #.#
..##.##)###### #.#
.......)@Y...#
#.####
..##.##.####.#
#..... .. #.# #'#
#.#### ... .## ...
#.#### .# ## Y.≈.h
##..... ..$≈$..
#...... ..≈≈≈≈≈..
##..... .....≈.....
######
.....$≈$.....######


You could see an ice beast.

Vanquished Creatures
  A wyvern (D:5)
  2 black bears
  An ogre (D:5)
  A phantom (D:5)
  A kobold brigand (D:6)
  A scorpion (D:4)
  A hound (D:5)
  A jelly (D:5)
  A gnoll bouda (D:5)
  An iguana (D:4)
  2 orc wizards
  3 gnolls
  5 adders
  3 dart slugs
  A ribbon worm (D:3)
  8 orcs
  4 bats
  An endoplasm (D:4)
  2 giant cockroaches (D:1)
  3 hobgoblins
  A jackal (D:2)
  4 quokkas
  6 ball pythons
  4 frilled lizards
  A goblin (D:1)
  12 kobolds
  3 rats
74 creatures vanquished.

Vanquished Creatures (collateral kills)
  2 scorpions
  A hound (D:5)
  An orc priest (D:5)
  A jelly (D:5)
  An iguana (D:5)
  A dart slug (D:1)
  3 orcs
  An endoplasm (D:4)
  A goblin (D:2)
  2 jackals (D:2)
  A quokka (D:2)
15 creatures vanquished.

Grand Total: 89 creatures vanquished

Notes
Turn   | Place    | Note
-------+----------+-------------------------------------------
     0 | D:1      | Autsider the Oni Hedge Wizard began the quest for the Orb.
     0 | D:1      | Reached XP level 1. HP: 16/16 MP: 5/5
    26 | D:1      | Reached skill level 1 in Conjurations
    26 | D:1      | Reached skill level 1 in Summonings
   318 | D:1      | Reached XP level 2. HP: 13/24 MP: 0/6
   321 | D:1      | Learned a level 2 spell: Call Imp
  1381 | D:2      | Reached skill level 4 in Spellcasting
  1765 | D:2      | Reached XP level 3. HP: 31/31 MP: 3/8
  1768 | D:2      | Learned a level 2 spell: Blink
  1772 | D:2      | Learned a level 3 spell: Mephitic Cloud
  2186 | D:2      | Reached XP level 4. HP: 39/39 MP: 5/10
  2543 | D:3      | You fall into a shaft and drop 2 floors!
  2543 | D:5      | Entered Level 5 of the Dungeon
  2591 | D:4      | Reached skill level 1 in Translocations
  2863 | D:3      | Found a faded altar of an unknown god.
  3112 | D:3      | Noticed a scorpion
  3121 | D:3      | Killed a scorpion
  3122 | D:3      | Reached XP level 5. HP: 45/45 MP: 2/11
  3232 | D:3      | Found a shimmering blue altar of Sif Muna.
  3342 | D:3      | Noticed an ice beast
  3549 | D:4      | Reached XP level 6. HP: 53/53 MP: 0/12
  3909 | D:4      | Found a staircase to the Ecumenical Temple.
  3925 | Temple   | Entered the Ecumenical Temple
  4226 | D:5      | Noticed a black bear
  4245 | D:5      | Killed a black bear
  4246 | D:5      | Reached skill level 5 in Spellcasting
  4257 | D:5      | Reached XP level 7. HP: 39/59 MP: 0/14
  4551 | D:5      | Found a basalt altar of Yredelemnul.
  4556 | D:5      | Noticed a wyvern
  4755 | D:5      | Killed a wyvern
  4756 | D:5      | Reached skill level 6 in Spellcasting
  4968 | D:5      | Reached skill level 1 in Air Magic
  4968 | D:5      | Reached skill level 1 in Alchemy
  5112 | D:5      | Learned a level 2 spell: Searing Ray
  5116 | D:5      | Reached XP level 8. HP: 52/67 MP: 8/17
  6058 | D:6      | Slain by an ice beast

Illustrated notes

Levels and vault maps discovered:
D:1:      nicolae_arrival_washed_ashore, layout_basic, minmay_misc_feat_rows
D:2:      layout_basic, roderic_nine_men_s_morris
D:3:      layout_rooms, mainiacjoe_overflow_catwalk,
          mainiacjoe_overflow_cross_hatched, hellmonk_ecumenical_altar_blasted
D:4:      layout_rooms, minmay_temple_entry_purple_smoke, serial_bayou_lagoon_b
D:5:      layout_loops_ring, yredelemnul_altar_generic
D:6:      cheibrodos_quashed, layout_basic, lemuel_coloured_pillars_altar,
          minmay_misc_feat_roman, grunt_potential, uniq_prince_ribbit1
Temple:   minmay_freezing_vapour_temple

Skill      XL: |  1  2  3  4  5  6  7  8 |
---------------+-------------------------+-----
Conjurations   | 1 2 3 4 |  4.0
Summonings     | 1 2 3 4 |  4.0
Spellcasting   | 4 5 6 |  6.0
Translocations | 1 2 3 |  3.0
Air Magic      | 1 3 |  3.0
Alchemy        | 1 3 |  3.0
Dodging        | |  1.7
Stealth        | |  1.4

Action                     |  1- 3 |  4- 6 |  7- 9 || total
---------------------------+-------+-------+-------++-------
  Melee: Unarmed           |    43 |     3 |       ||    46
         Headbutt          |     6 |     4 |    10 ||    20
         Club              |       |    26 |    24 ||    50
         Giant spiked club |       |       |    11 ||    11
   Cast: Magic Dart        |    76 |    89 |    52 ||   217
         Call Imp          |     9 |    10 |     9 ||    28
         Mephitic Cloud    |       |     3 |    12 ||    15
         Searing Ray       |       |       |    11 ||    11
   Stab: Confused          |       |     1 |     1 ||     2
 Armour: Skin              |    36 |    44 |    40 ||   120
         Robe              |     1 |       |       ||     1
  Dodge: Dodged            |    42 |    19 |    17 ||    78

Table legend: (Time is in decaauts)
 A = Elapsed time spent in this place.
 B = Non-inter-level travel time spent in this place.
 C = Inter-level travel time spent in this place.
 D = Time resting spent in this place.
 E = Time spent auto-exploring this place.
 F = Levels seen in this place.
 G = Mean time per level.
                   A        B        C        D        E       F      G
               +--------+--------+--------+--------+--------+-----+--------+
         Total |   6080 |   5915 |    165 |    340 |   4703 |   7 |  868.6 |
       Dungeon |   6078 |   5913 |    165 |    340 |   4703 |   6 | 1013.0 |
        Temple |      1 |      1 |      0 |      0 |      0 |   1 |    1.0 |
               +--------+--------+--------+--------+--------+-----+--------+

Top non-repeatable levels by time:
     D:5: 1808 daAuts
     D:1: 1367 daAuts
     D:2: 1155 daAuts
     D:4: 848 daAuts
     D:3: 651 daAuts
     D:6: 246 daAuts
  Temple: 1 daAuts
